AoeStats
← dolt34

Arena

510023175Analyzed
1v1 RM · 3d ago on Sep 29, 2026· 36m 39s· 2 players
Game mode
Random Map
Map size
Tiny (2 player)
Population
200
Speed
Normal
Resources
Standard
Victory
Conquest
Starting age
Dark Age
Ending age
Imperial Age
RankedLock teamsTeams togetherTeam positionsShared explorationLock speedFull tech treeHidden civsTurbo modeCheats
Victory
Defeat
🇺🇸 Maya · United States
1229
+17
🇦🇷 Japanese · Argentina
1255
-17
dolt34
0:27 Loom
10:32 Feudal Age
14:19 Castle Age
12:48 Double-Bit Axe
17:57 Fletching
18:56 Bodkin Arrow
20:08 Bow Saw
20:20 Horse Collar
25:35 Wheelbarrow
29:02 Imperial Age
27:12 Padded Archer Armor
28:21 Leather Archer Armor
29:08 Ballistics
29:45 Town Watch
30:13 Bracer
32:30 Masonry
33:21 Chemistry
34:39 Eagle Warrior
35:19 Squires
35:22 Scale Mail Armor
35:32 Forging
chiquilín de bachín
11:01 Feudal Age
12:13 Double-Bit Axe
14:54 Castle Age
13:12 Horse Collar
16:09 Bow Saw
16:19 Stone Mining
16:37 Loom
23:05 Wheelbarrow
22:53 Town Watch
24:18 Scale Mail Armor
25:08 Fletching
25:35 Chain Mail Armor
25:39 Forging
30:17 Imperial Age
28:13 Gold Mining
31:29 Squires
31:15 Arson
32:25 Elite Skirmisher
33:12 Thumb Ring
33:56 Fletching
34:07 Padded Archer Armor
36:12 Conscription
36:30 Bodkin Arrow
36:51 Leather Archer Armor
Connection lost

Rejoining the realm…

Still unreachable

The connection could not be restored.

Session expired

The server has moved on; the page needs a fresh start.